 Dungeon Crawl Stone Soup version 0.29.1-12-g30fa7ad0bf (webtiles) character file.

Game seed: 17783588211878625146

144 xian the Trooper (level 5, 0/70 HPs)
             Began as a Minotaur Abyssal Knight on Dec 22, 2022.
             Was a Priest of Lugonu.
             Succumbed to a kobold brigand's poison
             ... in a sewer.
             The game lasted 00:05:53 (2420 turns).

xian the Trooper (Minotaur Abyssal Knight)          Turns: 2420, Time: 00:05:54

Health: 0/70       AC: 12    Str: 20    XL:     5   Next: 5%
Magic:  5/5        EV:  6    Int:  7    God:    Lugonu [***...]
Gold:   155        SH:  0    Dex: 10    Spells: 4/4 levels left

rFire   . . .      SeeInvis .   o - +4 dagger "Maoz Keh" {drain, Stlth+}
rCold   . . .      Faith    .   (no shield)
rNeg    . . .      Spirit   .   d - +0 plate armour
rPois   .          Reflect  .   (helmet restricted)
rElec   .          Harm     .   (no cloak)
rCorr   .          Rampage  .   (no gloves)
Will    .....                   l - +0 pair of boots
Stlth   ..........              (no amulet)
HPRegen 0.21/turn               (no ring)
MPRegen 0.09/turn               (no ring)

@: berserking, lethally poisoned (0 -> -18), very quick
A: horns 2, retaliatory headbutt
a: Renounce Religion, Depart the Abyss, Bend Space, Banish


You were in a sewer.
You worshipped Lugonu.
Lugonu was most pleased with you.
You visited 1 branch of the dungeon, and saw 3 of its levels.
You visited the Abyss 1 time.
You also visited: Sewer.

You collected 155 gold pieces.

Inventory:

Hand Weapons
 a - a +1 hand axe
 o - the +4 dagger "Maoz Keh" (weapon) {drain, Stlth+}
   (You found it on level 2 of the Dungeon)

   A truly terrible weapon, it drains the life of any living foe it strikes.
   Stlth:     It makes you more stealthy.
Armour
 d - a +0 plate armour (worn)
 l - a +0 pair of boots (worn)
Scrolls
 b - a scroll of summoning
 j - 3 scrolls of teleportation {unknown}
 k - a scroll of immolation
 n - a scroll of enchant weapon
 p - a scroll of poison
 q - 2 scrolls of fear {unknown}
 r - a scroll of butterflies {unknown}
Potions
 c - a potion of ambrosia {unknown}
 e - 3 potions of might {unknown}
 f - 3 potions of curing {unknown}
 g - a potion of mutation {unknown}
 h - a potion of berserk rage
 i - a potion of flight
 m - a potion of magic
 s - a potion of heal wounds {unknown}


   Skills:
 + Level 4.9 Fighting
 + Level 4.6 Axes
 + Level 3.0 Armour
 + Level 1.5 Dodging
 + Level 0.5 Stealth
 + Level 1.7 Invocations


You had 4 spell levels left.
You didn't know any spells.
Your spell library was empty.

Dungeon Overview and Level Annotations

Branches:
Dungeon (3/15)              Sewer (1/1)

Altars:
Vehumet

Shops:
D:3 :


Innate Abilities, Weirdness & Mutations

You have a pair of horns on your head.
You reflexively headbutt those who attack you in melee.


Message History

You hit the kobold brigand but do no damage.
You drain the kobold brigand.
The kobold brigand is lightly wounded.
You feel sick.
The kobold brigand hits you but does no damage.
You hit the kobold brigand.
Your headbutt misses the kobold brigand.
The kobold brigand is moderately wounded.
You feel sick.
The kobold brigand hits you with a +1 dagger of venom.
You are more poisoned.
Unknown command.
The kobold brigand attacks as you move away!
The kobold brigand hits you with a +1 dagger of venom.
You are more poisoned.
You feel extremely sick.
The kobold brigand attacks as you move away!
The kobold brigand hits you but does no damage.
You are lethally poisoned!
You feel extremely sick.
* * * LOW HITPOINT WARNING * * *
You feel very sick.
* * * LOW HITPOINT WARNING * * *
You feel very sick.
The kobold brigand hits you with a +1 dagger of venom.
* * * LOW HITPOINT WARNING * * *
You are more poisoned.
* * * LOW HITPOINT WARNING * * *
You feel very sick.
It was a potion of berserk rage.
A red film seems to cover your vision as you go berserk!
You feel yourself moving faster!
You feel mighty!
* * * LOW HITPOINT WARNING * * *
You feel very sick.
The kobold brigand hits you but does no damage.
You are more poisoned.
You are too berserk!
You puncture the kobold brigand!
Your headbutt misses the kobold brigand.
The kobold brigand is severely wounded.
You die...

≈≈≈~~~#~#..P~~......## #~#
# ≈≈.~......P~~...~..## #~#
≈≈.)...P.....~~~.~## #~#
≈P~P~.~.P.~.~...~~# #~#
≈..P......~~.~..~.# #~#
≈#~#.~..~..~~~.~~######.###
≈#~#~..~~..~~~~~.~~~~~~~~~~
≈#~#~#########..K##########
#~#.~~~~~~~~)..@.# #~###.
#~#~####.####....## #~##..
#.# ##.#~#...~~~# #~##P##
### #.##~#.~....## #~#..~
##.#~######..# #~#..######
##.~#~#~~~~~~~###~#....≈≈≈#
#.~.#~######~...#~#.∩.≈≈≈≈#
##~.#~#~~~.~~~..#~#.∩.≈≈≈#
####~#....~~~.~#~#...≈≈≈#


You could see a kobold brigand (drained).

Vanquished Creatures
  3 adders
  5 river rats
  2 dart slugs (D:2)
  A worm (D:3)
  4 bats
  3 endoplasms
  4 giant cockroaches
  4 goblins
  A hobgoblin (D:2)
  8 jackals
  8 kobolds
  3 quokkas
  9 ball pythons
  5 frilled lizards
  6 rats
66 creatures vanquished.

Vanquished Creatures (others)
  7 plants (Sewer)
7 creatures vanquished.

Grand Total: 73 creatures vanquished

Notes
Turn   | Place    | Note
-------+----------+-------------------------------------------
     0 | Abyss:1  | xian the Minotaur Abyssal Knight began the quest for the
                  | Orb.
     0 | Abyss:1  | Reached XP level 1. HP: 19/19 MP: 1/1
     4 | Abyss:1  | Found a corrupted altar of Lugonu.
    36 | Abyss:1  | Noticed a ynoxinul
    37 | D:1      | Escaped the Abyss
   498 | D:1      | Reached XP level 2. HP: 23/27 MP: 2/2
   556 | D:1      | Reached ** piety under Lugonu
  1105 | D:2      | Reached XP level 3. HP: 34/34 MP: 3/3
  1161 | D:2      | Identified the +4 dagger "Maoz Keh" {drain, Stlth+}
  1216 | D:2      | Found a radiant altar of Vehumet.
  1381 | D:3      | Found Syseymum's Book Shop.
  1704 | D:3      | Found a faded altar of an unknown god.
  1780 | D:3      | Reached XP level 4. HP: 29/41 MP: 4/4
  1793 | D:3      | Found a glowing drain.
  1800 | Sewer    | Entered a sewer
  1948 | Sewer    | Reached *** piety under Lugonu
  2381 | Sewer    | Reached XP level 5. HP: 47/47 MP: 5/5
  2419 | Sewer    | HP: 3/70 [poisoned by a kobold brigand]
  2420 | Sewer    | Succumbed to a kobold brigand's poison

Illustrated notes

Levels and vault maps discovered:
D:1:      psy_arrival_dodecagon, layout_basic, item_on_display_a
D:2:      layout_basic, basic_altar, minmay_hexomino_u4
D:3:      kennysheep_six_static_rooms, layout_basic,
          mainiacjoe_overflow_chevrons, serial_shops, nicolae_shop_crystal,
          portal_sewer_entry_e, hellmonk_ecumenical_altar_zigzags,
          kennysheep_flooded_box
Sewer:    sewer_co_scattered_pipes

Skill      XL: |  1  2  3  4 |
---------------+-------------+-----
Fighting       | 4 |  4.9
Axes           | 3 4 |  4.6
Armour         | 3 |  3.0
Dodging        | |  1.5
Stealth        | |  0.5
Invocations    | |  1.7

Action                   |  1- 3 |  4- 6 || total
-------------------------+-------+-------++-------
Melee: Hand axe          |    60 |       ||    60
       Headbutt          |     7 |     9 ||    16
       Dagger            |    27 |   112 ||   139
       Punch             |       |     1 ||     1
Invok: Depart the Abyss  |     1 |       ||     1
  Use: Scroll            |     6 |       ||     6
       Potion            |       |     1 ||     1
Armor: Leather armour    |     3 |       ||     3
       Plate armour      |    66 |    50 ||   116
Dodge: Dodged            |    37 |    32 ||    69
